 Dungeon Crawl Stone Soup version 0.15.1-4-gac8487e (webtiles) character file.

8251 Psiweapon the Cruncher (level 11, -11/72 HPs)
             Began as a Mummy Gladiator on Oct 15, 2014.
             Was a Follower of Ashenzari.
             Killed from afar by an efreet (40 damage)
             ... with a bolt of fire
             ... in a volcano.
             The game lasted 00:55:47 (11312 turns).

Psiweapon the Cruncher (Mummy Gladiator)           Turns: 11312, Time: 00:55:47

HP -11/72        AC 10     Str 18      XL: 11   Next:  7%
MP  11/11        EV 10     Int 13      God: Ashenzari [*.....]
Gold 563         SH  0     Dex 12      Spells:  1 memorised,  9 levels left

rFire  x . .     SeeInvis .     a - +1 quarterstaff
rCold  + + .     Clarity  .     t - +0 ring mail {rC+}
rNeg   + + +     rCorr    .     (no shield)
rPois  +         rRot     +     D - +0 helmet {Int+3}
rElec  .         Spirit   .     (no cloak)
SustAb .         Warding  +     M - +0 pair of gloves
rMut   .         Stasis   .     (no boots)
Gourm  .                        d - amulet of warding
MR     +....                    y - ring of regeneration
                                m - +2 ring of protection

@: somewhat resistant to hostile enchantments, very unstealthy
A: no food or potions, fire vulnerability, restore body, cold resistance 1,
negative energy resistance 3, poison resistance, torment resistance, unbreathing
a: Renounce Religion


You were in a volcano.
You worshipped Ashenzari.
Ashenzari was aware of your devotion.
You were not hungry.

You visited 3 branches of the dungeon, and saw 13 of its levels.
You also visited: Volcano.

You collected 581 gold pieces.
You spent 18 gold pieces at shops.

Inventory:

Hand weapons
 a - a +1 quarterstaff (weapon)
 b - a +0 hunting sling of flaming
 p - the +3 falchion "Kiexodai" {flame, Str+3}
   (You took it off a human on level 7 of the Dungeon)

   It emits flame when wielded, causing extra injury to most foes and up to
   double damage against particularly susceptible opponents.
   Big, fiery blades are also staple armaments of hydra-hunters.
   It affects your strength (+3).
 v - a +0 arbalest
Missiles
 f - 102 stones
 h - 3 throwing nets
 j - 33 bolts
 o - 13 bolts of penetration
 w - 19 poisoned needles
 x - 5 tomahawks
 z - 6 javelins (quivered)
 H - 32 sling bullets
 L - 7 needles of sleeping
Armour
 c - a +1 helmet
 t - a +0 ring mail of cold resistance (worn)
 D - a +0 helmet of intelligence (worn)
 M - a +0 pair of gloves (worn)
Magical devices
 u - a wand of lightning (0)
 B - a wand of slowing (10)
Scrolls
 e - 3 scrolls of enchant weapon
 g - 4 scrolls of teleportation
 i - a scroll of recharging
 k - a scroll of noise
 q - a scroll of curse armour
 r - 3 scrolls of magic mapping
 s - 5 scrolls of remove curse
 A - a scroll of enchant armour
 C - a scroll of immolation
 E - a scroll of fear
 F - 4 scrolls of identify
 I - a scroll of acquirement {unknown}
 J - a scroll of curse jewellery
 K - a scroll of curse weapon
Jewellery
 d - an amulet of warding (around neck)
 l - a +1 ring of evasion
 m - a +2 ring of protection (left hand)
 n - an uncursed ring of wizardry
 y - a ring of regeneration (right hand)
Books
 G - a Young Poisoner's Handbook

   Spells                             Type                      Level
   *Sting                             Conjuration/Poison           1
   Cure Poison                        Poison                       2
   Mephitic Cloud                     Conjuration/Poison/Air       3
   Olgreb's Toxic Radiance            Poison                       4
   Venom Bolt                         Conjuration/Poison           5


   Skills:
 - Level 2.0 Fighting
 + Level 11.0 Staves
 - Level 5.3 Crossbows
 - Level 1.8 Throwing
 + Level 5.7 Armour
 - Level 2.6 Dodging
 + Level 4.8 Poison Magic


You had 9 spell levels left.
You knew the following spells:

 Your Spells              Type           Power        Failure   Level  Hunger
a - Sting                 Conj/Pois      #...         14%         1    N/A

Dungeon Overview and Level Annotations

Branches:
Dungeon (10/15)            Temple (1/1) D:6            Lair (2/8) D:10
    Orc: D:9-12

Altars:
Ashenzari
Cheibriados
Dithmenos
Elyvilon
Fedhas
Kikubaaqudgha
Makhleb
Nemelex Xobeh
Okawaru
Sif Muna
Trog
Vehumet
Yredelemnul
Zin
The Shining One

Shops:
D:4 %   D:8 *

Annotations:
D:3 Sigmund
D:4 exclusion: upstairs


Innate Abilities, Weirdness & Mutations

You do not eat or drink.
Your flesh is vulnerable to fire.
Your flesh is cold resistant.
You are immune to negative energy.
Your system is resistant to poisons.
You are immune to unholy pain and torment.
You can survive without breathing.


Message History

The efreet throws fire at you.
The fireball explodes!
The fireball engulfs you! The fire burns you terribly!
Ouch! That really hurt!
Firing (i - inventory. (,) - cycle):
j - 35 bolts (quivered)
Press: ? - help, Shift-Dir - straight line, f/p - efreet
Aim: an efreet, wielding a scimitar of flaming (lightly wounded, slow)
You shoot a bolt. The bolt hits the efreet!
The efreet is moderately wounded.
Firing (i - inventory. (,) - cycle):
j - 34 bolts (quivered)
Press: ? - help, Shift-Dir - straight line, f/p - efreet
Aim: an efreet, wielding a scimitar of flaming (moderately wounded, slow)
You shoot a bolt. The bolt barely misses the efreet.
Wield which item (- for none, * to show all)? (? for menu, Esc to quit)
a - a +1 quarterstaff (weapon)
You sock the efreet!
The efreet is severely wounded.
The efreet throws fire at you. The bolt of fire hits you!
The fire burns you terribly!
Ouch! That really hurt!
You die...

## ###.
###...
##.....
..!.)..
.......
...≈....##
..≈≈≈...@#
§≈§≈≈≈...R#
≈≈§≈≈≈...§.
..≈≈§≈....§.#
...≈......###
.......###
....### ..#


You could see an efreet.

Vanquished Creatures
  A spiny frog (Lair:1)
  A queen ant (Lair:1)
  A two-headed ogre (D:9)
  A spriggan (D:7)
  2 wyverns
  3 yaks (D:10)
  5 humans (D:7)
  A basilisk (Lair:1)
  A hippogriff (D:8)
  6 wolves (Lair:1)
  4 orc warriors
  2 water moccasins (Lair:1)
  5 soldier ants (Lair:1)
  4 sky beasts
  An ogre (D:8)
  3 centaurs
  A porcupine (Lair:1)
  3 phantoms
  An ice beast (D:9)
  A crocodile (Lair:1)
  9 giant frogs
  A hippogriff zombie (D:7)
  2 scorpions
  A yak zombie (D:7)
  A goliath beetle (D:7)
  2 orc priests
  A basilisk zombie (D:8)
  A gnoll shaman (D:6)
  4 iguanas
  A giant frog skeleton (D:7)
  2 hounds
  A jelly (D:8)
  29 worker ants
  6 orc wizards
  Jessica (D:2)
  8 gnolls
  16 adders
  A worker ant zombie (D:5)
  16 green rats (Lair:1)
  A worm (D:6)
  An adder zombie (D:2)
  An orc zombie (D:5)
  3 adder skeletons
  4 giant geckos
  An ooze (D:2)
  26 orcs
  13 bats
  4 bat skeletons
  4 giant cockroaches
  2 gnoll zombies (D:4)
  7 goblins
  11 hobgoblins
  17 jackals
  9 kobolds
  A quokka (Lair:1)
  A ball python zombie (D:2)
  A giant gecko zombie (D:7)
  7 giant newts
  A giant spore (D:8)
  A goblin skeleton (D:4)
  A goblin zombie (D:5)
  A hobgoblin skeleton (D:2)
  A jackal skeleton (D:4)
  12 rats
  5 ballistomycetes
  A fungus (Lair:1)
  2 plants
289 creatures vanquished.

Vanquished Creatures (others)
  A giant spore (D:7)
1 creature vanquished.

Grand Total: 290 creatures vanquished

Notes
Turn   | Place    | Note
--------------------------------------------------------------
     0 | D:1      | Psiweapon, the Mummy Gladiator, began the quest for the Orb.
     0 | D:1      | Reached XP level 1. HP: 16/16 MP: 1/1
   107 | D:1      | Reached XP level 2. HP: 19/22 MP: 2/2
   302 | D:1      | Found an iron altar of Okawaru.
   458 | D:1      | Reached skill level 3 in Staves
   725 | D:2      | Reached XP level 3. HP: 25/27 MP: 3/3
  1098 | D:2      | Reached XP level 4. HP: 33/33 MP: 4/4
  1146 | D:2      | Reached skill level 4 in Staves
  1335 | D:2      | Noticed Jessica
  1343 | D:2      | Killed Jessica
  1526 | D:3      | Noticed Sigmund
  1666 | D:4      | Found a sparkling altar of Nemelex Xobeh.
  1771 | D:4      | Noticed a giant frog
  1787 | D:4      | Killed a giant frog
  1787 | D:4      | Reached skill level 5 in Staves
  1787 | D:4      | Reached XP level 5. HP: 3/38 MP: 5/5
  2138 | D:4      | Found a bloodstained altar of Trog.
  2243 | D:4      | Found Nuywotow's Food Shoppe.
  2398 | D:4      | Reached XP level 6. HP: 27/44 MP: 6/6
  2844 | D:4      | Reached skill level 6 in Staves
  3159 | D:4      | Found a basalt altar of Yredelemnul.
  3332 | D:5      | Entered Level 5 of the Dungeon
  3732 | D:5      | Reached XP level 7. HP: 50/50 MP: 7/7
  3810 | D:5      | Found a deep blue altar of Sif Muna.
  4201 | D:5      | Reached skill level 7 in Staves
  4310 | D:5      | Found a glowing silver altar of Zin.
  4940 | D:6      | Found a staircase to the Ecumenical Temple.
  4946 | D:6      | Noticed a wyvern
  4967 | Temple   | Entered the Ecumenical Temple
  4980 | Temple   | Became a worshipper of Ashenzari the Shackled
  5069 | D:6      | Found a snail-covered altar of Cheibriados.
  5256 | D:6      | Found a sparkling altar of Nemelex Xobeh.
  5263 | D:6      | Reached skill level 1 in Crossbows
  5401 | D:6      | Reached XP level 8. HP: 54/56 MP: 8/8
  5570 | D:6      | Reached skill level 8 in Staves
  5838 | D:6      | Killed a wyvern
  6327 | D:7      | Reached skill level 9 in Staves
  6327 | D:7      | Reached XP level 9. HP: 14/61 MP: 9/9
  6556 | D:7      | Got the falchion "Kiexodai" {flame, Str+3}
  6565 | D:7      | Identified the +3 falchion "Kiexodai" {flame, Str+3} (You took it off a human on level 7 of the Dungeon)
  6605 | D:7      | Reached skill level 5 in Crossbows
  6635 | D:7      | Found an ancient bone altar of Kikubaaqudgha.
  6821 | D:7      | Found a white marble altar of Elyvilon.
  7350 | D:7      | Reached skill level 1 in Armour
  7800 | D:8      | Found Eseeq's General Store.
  7836 | D:8      | Bought 9 bolts for 18 gold pieces
  8122 | D:8      | Reached skill level 10 in Staves
  8150 | D:8      | Found a glowing golden altar of the Shining One.
  8181 | D:8      | Learned a level 1 spell: Sting
  8277 | D:8      | Found a blossoming altar of Fedhas.
  8277 | D:8      | Found a shadowy altar of Dithmenos.
  8382 | D:8      | Reached skill level 1 in Poison Magic
  8541 | D:9      | Reached XP level 10. HP: 49/67 MP: 10/10
  8836 | D:9      | Found an ancient bone altar of Kikubaaqudgha.
  9169 | D:10     | Entered Level 10 of the Dungeon
  9353 | D:10     | Found a staircase to the Lair.
  9425 | Lair:1   | Entered Level 1 of the Lair of Beasts
 10127 | Lair:1   | Reached skill level 5 in Armour
 10436 | Lair:1   | HP: 3/67 [wolf (4)]
 10530 | Lair:1   | Reached XP level 11. HP: 59/72 MP: 11/11
 10597 | Lair:1   | Reached skill level 11 in Staves
 11296 | Lair:2   | Found a dark tunnel.
 11306 | Volcano  | Entered a volcano
 11312 | Volcano  | Killed from afar by an efreet

Action                   |  1- 3 |  4- 6 |  7- 9 | 10-12 || total
-------------------------+-------+-------+-------+-------++-------
Melee: Quarterstaff      |   119 |   193 |   441 |   446 ||  1199
 Fire: Hunting sling     |       |    56 |    44 |     7 ||   107
       Arbalest          |       |       |   122 |    41 ||   163
Throw: Stone             |    10 |     8 |     2 |       ||    20
       Throwing net      |       |     1 |     4 |       ||     5
       Javelin           |       |       |     5 |     2 ||     7
 Cast: Sting             |       |       |       |    38 ||    38
Evoke: Wand              |       |       |     3 |     6 ||     9
  Use: Scroll            |     4 |     4 |     3 |     5 ||    16
 Stab: Distracted        |     1 |       |     1 |       ||     2
       Held in net/web   |       |       |     3 |       ||     3
